 Dungeon Crawl Stone Soup version 0.28.0-53-g5a82cb258f (webtiles) character file.

Game seed: 2554448630809273709

19548 MiltankisOP the Carver (level 13, -2/104 HPs)
             Began as a Formicid Abyssal Knight on July 12, 2022.
             Was a High Priest of Lugonu.
             Killed from afar by a deep elf zephyrmancer (18 damage)
             ... with a bolt of lightning
             ... on level 15 of the Dungeon.
             The game lasted 00:31:43 (15948 turns).

MiltankisOP the Carver (Formicid Abyssal Knight)   Turns: 15948, Time: 00:31:43

Health: -2/104     AC: 15    Str: 22    XL:     13   Next: 5%
Magic:  16/16      EV: 12    Int: 11    God:    Lugonu [*****.]
Gold:   694        SH:  0    Dex: 11    Spells: 12/12 levels left

rFire   + . .      SeeInvis +   k - +10 zealot's sword {holy, *Rage rN+ EV+3}
rCold   . . .      Faith    .   (no shield)
rNeg    + . .      Spirit   .   e - +1 plate armour
rPois   .          Reflect  .   (helmet unavailable)
rElec   .          Harm     .   F - scarf {+Inv}
rCorr   .          Rampage  .   (no gloves)
Will    +....                   (no boots)
Stlth   ..........              (no amulet)
HPRegen 0.27/turn               G - ring of protection from fire
MPRegen 0.15/turn               (no ring)

@: no status effects
A: permanent stasis, dig shafts and tunnels, antennae 3, four strong arms
a: Dig, Shaft Self, Renounce Religion, Evoke Invisibility, Depart the Abyss,
Bend Space, Banish, Corrupt, Enter the Abyss


You were on level 15 of the Dungeon.
You worshipped Lugonu.
Lugonu was extremely pleased with you.
You visited 1 branch of the dungeon, and saw 15 of its levels.
You visited the Abyss 1 time.
You also visited: Ossuary.

You collected 694 gold pieces.

Inventory:

Hand Weapons
 a - a +1 hand axe
 k - the +10 zealot's sword (weapon) {holy, *Rage rN+ EV+3}
   (You found it on level 4 of the Dungeon)

   It has been blessed by the Shining One to cause great damage to the undead
   and demons.
   Whenever the wielder enters a berserk rage, their allies are berserked
   alongside them.
   EV:        It affects your evasion (+3).
   rN:        It protects you from negative energy.
   *Rage:     It berserks you when you make melee attacks (+20% chance).
 N - a +2 vorpal triple sword
 R - the +4 morningstar "Beetleslayer" {drain, rF+ rN++}
   (You found it on level 12 of the Dungeon)

   A truly terrible weapon, it drains the life of any living foe it strikes.
   rF:        It protects you from fire.
   rN:        It greatly protects you from negative energy.
Missiles
 o - 3 throwing nets
Armour
 b - a +0 leather armour
 e - a +1 plate armour (worn)
 w - a +1 pair of boots
 F - a scarf of invisibility (worn)
 L - +0 acid dragon scales
 O - a +0 troll leather armour
Jewellery
 d - a ring of magical power
 u - a ring of magical power
 E - a ring of wizardry
 G - a ring of protection from fire (left hand)
 P - a ring of magical power
Wands
 m - a wand of polymorph (17)
 q - a wand of digging (1)
 s - a wand of mindburst (9)
 A - a wand of acid (20)
 Q - a wand of paralysis (4)
 U - a wand of flame (10)
Scrolls
 c - a scroll of noise
 i - 5 scrolls of teleportation
 n - 2 scrolls of fog
 p - a scroll of torment {unknown}
 x - 2 scrolls of identify
 y - 6 scrolls of amnesia
 z - a scroll of vulnerability
 C - 2 scrolls of acquirement {unknown}
 D - a scroll of fear {unknown}
 I - a scroll of immolation {unknown}
 S - a scroll of magic mapping
 T - a scroll of enchant weapon
Potions
 f - 2 potions of heal wounds
 g - a potion of attraction
 h - a potion of degeneration
 j - 2 potions of flight
 l - 2 potions of mutation
 r - 6 potions of haste
 t - 2 potions of lignification {unknown}
 v - 3 potions of resistance
 B - a potion of invisibility {unknown}
 H - 3 potions of cancellation
 J - 4 potions of might {unknown}
 K - 5 potions of curing
 M - a potion of brilliance


   Skills:
 - Level 10.3 Fighting
 - Level 12.0 Long Blades
 - Level 4.2 Axes
 - Level 10.8 Armour
 - Level 8.9 Dodging
 + Level 4.2 Invocations


You had 12 spell levels left.
You didn't know any spells.
Your spell library contained the following spells:

 Spells                   Type           Power      Damage    Failure   Level
 Animate Skeleton         Necr           0%         N/A       99%         1
 Apportation              Tloc           0%         N/A       99%         1
 Foxfire                  Conj/Fire      0%         2x1d4     99%         1
 Magic Dart               Conj           0%         1d3       99%         1
 Pain                     Necr           0%         1d4       99%         1
 Shock                    Conj/Air       0%         1d3       99%         1
 Call Imp                 Summ           0%         N/A       100%        2
 Scorch                   Fire           0%         2d5       100%        2
 Static Discharge         Conj/Air       0%         N/A       100%        2
 Sublimation of Blood     Necr           0%         N/A       100%        2
 Wereblood                Tmut           0%         N/A       100%        2
 Conjure Flame            Conj/Fire      0%         6-21      100%        3
 Ignite Poison            Fire/Tmut/Pois 0%         N/A       100%        3
 Inner Flame              Hex/Fire       0%         N/A       100%        3
 Mephitic Cloud           Conj/Pois/Air  0%         N/A       100%        3
 Vampiric Draining        Necr           0%         2d6       100%        3
 Airstrike                Air            0%         N/A       100%        4
 Animate Dead             Necr           0%         N/A       100%        4
 Dispel Undead            Necr           0%         3d6       100%        4
 Flame Wave               Conj/Fire      0%         2d4       100%        4
 Sticky Flame             Conj/Fire      0%         2d3       100%        4
 Borgnjor's Vile Clutch   Necr/Erth      0%         N/A       100%        5
 Freezing Cloud           Conj/Ice/Air   0%         6-21      100%        5
 Death Channel            Necr           0%         N/A       100%        6
 Dispersal                Tloc           0%         N/A       100%        6
 Summon Cactus Giant      Summ           0%         N/A       100%        6
 Summon Hydra             Summ           0%         N/A       100%        7
 Disjunction              Tloc           0%         N/A       100%        8
 Swiftness                Air            Unusable   N/A       N/A         3

Dungeon Overview and Level Annotations

Branches:
Dungeon (15/15)            Temple (0/1) D:7            Lair (0/6) D:10
    Orc (0/2) D:9         Ossuary (visited)
 Vaults: D:13-14     Depths: D:15

Altars:
Elyvilon
Hepliaklqana
Kikubaaqudgha
Nemelex Xobeh
Xom
The Shining One
Beogh

Shops:
D:12 *

Portals:
Ice
Cave: D:12

Annotations:
D:8 3 runed translucent doors, dornbeast's ghost, novice DsWr
D:9 3 runed translucent doors
D:12 Snorg
D:13 Urug
D:15 Roxanne


Innate Abilities, Weirdness & Mutations

You cannot be hasted, slowed, berserked, paralysed or teleported.
You can dig through walls and to a lower floor.
You have a pair of large antennae on your head. (SInv)
Your four strong arms can wield two-handed weapons with a shield.


Message History

You closely miss the centaur. You punch the centaur.
You kill the centaur!
Lugonu accepts your kill.
The centaur shoots an arrow.
The arrow closely misses you.
Your Invocations skill increases to level 4!
The centaur unwields a +0 shortbow.
The centaur closely misses you. x2
Items here: ( )) ††.
You slice the centaur!! Your punch misses the centaur.
The centaur is almost dead.
The centaur hits you but does no damage.
The centaur closely misses you.
You slice the centaur!!
You kill the centaur!
Lugonu accepts your kill.
Magic restored.
Things that are here:
a +0 shortbow; a +0 shortbow; 37 arrows
Items here: ( )) ††.
Things that are here:
a +0 shortbow; 17 arrows; a centaur corpse
Found 17 stones.
You sense a monster nearby.
You open the door.
A deep elf zephyrmancer comes into view.
It is wielding a +0 long sword.
The deep elf zephyrmancer shouts!
The deep elf zephyrmancer points at you and mumbles some strange words.
The bolt of lightning hits you!!! The bolt of lightning misses you.
A deep elf zephyrmancer comes into view.
It is wielding a +0 long sword. x2
You close the door.
A deep elf zephyrmancer opens the door.
The deep elf zephyrmancer casts a spell at you.
The bolt of lightning misses you.
The deep elf zephyrmancer casts a spell at you.
The bolt of lightning hits you!!
The deep elf zephyrmancer casts a spell at you.
The bolt of lightning hits you!!
* * * LOW HITPOINT WARNING * * *
The deep elf zephyrmancer points at you and mumbles some strange words.
The bolt of lightning hits you!!
You die...

#..# ... ##.........#.....
#..#.e# #.###.....#..... #..#..#
{{ #.#.'.....#..... #..'..# {
{#.#.###...#..... #..#..#{ {
#.#...#...'..... #####..# .#
#<#...#...#..... .....{e## .e
##.'...#...#..... ........## ..
##..#...#...######
.........#######@..#...#.........
........ee.........#####.........
...............................##
...............................#
.................(.............#
.....................#####.....#
........#######......#...#.....#
#######.# #......'...#.....# #.
#......#...#.....#


You could see a deep elf zephyrmancer.

Vanquished Creatures
  Josephine (D:10)
  Harold (D:10)
  4 two-headed ogres
  A centaur warrior (D:15)
  A tengu warrior (D:11)
  A deep elf pyromancer (D:15)
  An ugly thing (D:12)
  An orc knight (D:15)
  Maggie (D:8)
  3 trolls
  Eustachio (D:6)
  4 fire bats (D:9)
  A wyvern (D:9)
  A shadow (D:10)
  27 yaks
  3 wraiths (D:10)
  A human (D:9)
  A vampire mosquito (D:12)
  Grum (D:9)
  Edmund (D:4)
  3 wargs
  2 water moccasins (D:8)
  4 acid dragons
  A hell hound (D:9)
  2 orc warriors
  A black bear (D:5)
  An ice beast (D:6)
  A hornet zombie (D:9)
  4 wolves (D:9)
  6 centaurs
  3 phantoms
  A kobold brigand (D:9)
  A bullfrog (D:9)
  15 scorpions
  A water moccasin zombie (D:5)
  2 wyvern skeletons (D:5)
  4 killer bees (D:9)
  10 wights (D:7)
  A howler monkey (D:4)
  2 lava snakes (D:9)
  9 centaur zombies
  2 human zombies (Ossuary)
  A bullfrog skeleton (D:5)
  2 bullfrog zombies
  8 orc priests
  4 hounds (D:6)
  A centaur skeleton (D:7)
  Terence (D:2)
  2 iguanas
  2 scorpion zombies (Ossuary)
  8 orc wizards
  2 killer bee zombies
  3 mummies (Ossuary)
  8 gnolls
  8 adders
  A worm (D:5)
  An adder skeleton (D:4)
  2 dart slugs
  45 orcs
  6 ball pythons
  7 endoplasms
  3 giant cockroaches
  2 goblins
  6 hobgoblins
  3 jackals (D:3)
  4 kobolds
  5 quokkas
  3 bats (D:1)
  3 frilled lizards
  3 gnoll zombies (Ossuary)
  4 goblin zombies (Ossuary)
  3 hobgoblin zombies (Ossuary)
  2 kobold zombies (Ossuary)
  5 rats
290 creatures vanquished.

Vanquished Creatures (others)
  A quokka (D:15)
  2 fire vortices (D:9)
  4 fungi (D:3)
  4 plants (D:3)
11 creatures vanquished.

Grand Total: 301 creatures vanquished

Notes
Turn   | Place    | Note
-------+----------+-------------------------------------------
     0 | Abyss:1  | MiltankisOP the Formicid Abyssal Knight began the quest for
                  | the Orb.
     0 | Abyss:1  | Reached XP level 1. HP: 18/18 MP: 2/2
    33 | Abyss:1  | Noticed a jelly
    34 | D:1      | Escaped the Abyss
    51 | D:1      | Noticed an eight-headed hydra
    77 | D:1      | Reached * piety under Lugonu
   191 | D:1      | Noticed a death yak
   433 | D:1      | Reached XP level 2. HP: 22/24 MP: 3/3
  1098 | D:2      | Noticed Terence
  1108 | D:2      | You fall into a shaft and drop 1 floor!
  1121 | D:3      | Reached XP level 3. HP: 9/29 MP: 4/4
  1445 | D:3      | Reached XP level 4. HP: 23/35 MP: 5/5
  1458 | D:3      | You fall into a shaft and drop 1 floor!
  1838 | D:4      | Found the +10 zealot's sword {holy, *Rage rN+ EV+3}
  1994 | D:4      | Reached skill level 1 in Long Blades
  1999 | D:4      | Reached XP level 5. HP: 37/41 MP: 6/6
  2002 | D:4      | Reached skill level 2 in Long Blades
  2120 | D:4      | Noticed Edmund
  2141 | D:4      | Killed Edmund
  2142 | D:4      | Reached skill level 4 in Long Blades
  2142 | D:4      | Reached XP level 6. HP: 8/47 MP: 7/7
  2543 | D:4      | Reached skill level 5 in Long Blades
  2707 | D:3      | Reached XP level 7. HP: 52/52 MP: 8/8
  2716 | D:3      | Found a large runed translucent door.
  2716 | D:3      | Found a large runed translucent door.
  3106 | D:3      | Found a sparkling altar of Nemelex Xobeh.
  3111 | D:3      | Reached ** piety under Lugonu
  3236 | D:3      | Found a faded altar of an unknown god.
  3253 | D:3      | Got Plato's Compendium of Dislocation
  3401 | D:3      | Found a hazy altar of Hepliaklqana.
  3413 | D:3      | Found a glowing golden altar of the Shining One.
  3555 | D:2      | Killed Terence
  4204 | D:5      | Entered Level 5 of the Dungeon
  4218 | D:5      | Reached skill level 6 in Long Blades
  4394 | D:5      | Reached skill level 7 in Long Blades
  4471 | D:5      | Reached XP level 8. HP: 51/58 MP: 9/9
  4617 | D:5      | Reached skill level 8 in Long Blades
  4716 | D:5      | Identified the +1 hand crossbow of Accord {penet, rF- Will+
                  | Str+3 SInv}
  4856 | D:5      | Noticed a yak
  4856 | D:5      | Noticed a yak
  4895 | D:5      | Noticed a yak
  4897 | D:5      | Noticed a yak
  4897 | D:5      | Noticed a yak
  4898 | D:5      | Noticed a yak
  4901 | D:5      | Killed a yak
  4905 | D:5      | Killed a yak
  4906 | D:5      | Reached skill level 9 in Long Blades
  4909 | D:5      | Killed a yak
  4910 | D:5      | Reached XP level 9. HP: 36/64 MP: 10/10
  4914 | D:5      | Reached skill level 10 in Long Blades
  5301 | D:6      | Noticed Eustachio
  5311 | D:6      | Killed Eustachio
  5312 | D:6      | Reached skill level 11 in Long Blades
  5397 | D:6      | Reached *** piety under Lugonu
  5615 | D:6      | Found a sand-covered staircase.
  5620 | Ossuary  | Entered an ossuary
  5796 | Ossuary  | Reached skill level 12 in Long Blades
  5892 | Ossuary  | Reached XP level 10. HP: 73/73 MP: 11/11
  5916 | Ossuary  | Reached skill level 5 in Fighting
  6072 | D:6      | Found a shimmering altar of Xom.
  6087 | D:6      | Reached **** piety under Lugonu
  7237 | D:7      | Found a staircase to the Ecumenical Temple.
  8239 | D:8      | Found a runed translucent gate.
  8240 | D:8      | Found a runed translucent gate.
  8240 | D:8      | Identified the +1 plate armour of Eloz {Fly Dex-5 Slay+3}
  8240 | D:8      | Noticed dornbeast's ghost (novice DsWr)
  8241 | D:8      | Found a runed translucent gate.
  8814 | D:8      | Noticed Maggie
  8832 | D:8      | Killed Maggie
  9169 | D:9      | Reached skill level 10 in Fighting
  9207 | D:9      | Reached skill level 1 in Dodging
  9327 | D:9      | Reached XP level 11. HP: 67/92 MP: 12/12
  9821 | D:9      | Noticed Grum
  9835 | D:9      | Killed Grum
  9850 | D:9      | Reached skill level 5 in Armour
 10764 | D:9      | Found a staircase to the Orcish Mines.
 10875 | D:9      | Reached skill level 5 in Dodging
 11436 | D:9      | Found a runed translucent gate.
 11436 | D:9      | Found a runed translucent gate.
 11436 | D:9      | Noticed a red ugly thing
 11436 | D:9      | Noticed a brown ugly thing
 11436 | D:9      | Noticed a cyan ugly thing
 11437 | D:9      | Found a runed translucent gate.
 11438 | D:9      | Noticed a glowing orange brain
 11439 | D:9      | Noticed a purple ugly thing
 11591 | D:9      | Noticed a lindwurm
 11593 | D:9      | a lindwurm changed into a komodo dragon
 11619 | D:10     | Entered Level 10 of the Dungeon
 11649 | D:10     | Noticed a two-headed ogre
 11655 | D:10     | Killed a two-headed ogre
 11929 | D:10     | Noticed Harold
 11946 | D:10     | Killed Harold
 12190 | D:10     | Noticed Josephine
 12201 | D:10     | Reached XP level 12. HP: 87/98 MP: 13/13
 12209 | D:10     | Killed Josephine
 12263 | D:10     | Reached ***** piety under Lugonu
 12540 | D:10     | Found a staircase to the Lair.
 12952 | D:11     | Noticed a two-headed ogre
 12958 | D:11     | Killed a two-headed ogre
 13135 | D:11     | Noticed a tengu warrior
 13150 | D:11     | Killed a tengu warrior
 13435 | D:11     | Found an ancient bone altar of Kikubaaqudgha.
 13499 | D:11     | Reached skill level 10 in Armour
 13671 | D:11     | Noticed a two-headed ogre
 13681 | D:11     | Killed a two-headed ogre
 14018 | D:12     | Found Cienakk's General Store.
 14122 | D:12     | Noticed a two-headed ogre
 14129 | D:12     | Killed a two-headed ogre
 14150 | D:12     | Identified the +4 morningstar "Beetleslayer" {drain, rF+
                  | rN++}
 14274 | D:12     | Found a frozen archway.
 14309 | D:12     | Noticed Snorg
 14331 | D:12     | You fall into a shaft and drop 1 floor!
 14615 | D:13     | Noticed a four-headed hydra
 14618 | D:13     | Noticed a tengu warrior
 14627 | D:13     | Noticed Urug
 14630 | D:13     | You fall into a shaft and drop 2 floors!
 14630 | D:15     | Entered Level 15 of the Dungeon
 14821 | D:14     | Noticed a boulder beetle
 14834 | D:14     | HP: 2/98 [boulder beetle (11)]
 14836 | D:14     | You fall into a shaft and drop 1 floor!
 14836 | D:15     | Found a white marble altar of Elyvilon.
 15125 | D:14     | You fall into a shaft and drop 1 floor!
 15796 | D:15     | Identified Roxanne's Catalogue of Transmigration
 15796 | D:15     | Noticed Roxanne
 15854 | D:15     | Noticed a centaur warrior
 15858 | D:15     | Killed a centaur warrior
 15859 | D:15     | Reached XP level 13. HP: 94/104 MP: 13/15
 15948 | D:15     | Killed from afar by a deep elf zephyrmancer

Illustrated notes

Levels and vault maps discovered:
D:1:      sevenhm_arrival_forest_fort_small_2, layout_basic, minmay_tromino_v7
D:2:      layout_rooms, uniq_terence
D:3:      layout_loops_ring, jmf_multi_god_temple2, nemelex_dance_club_becter,
          shapermc_ecumenical_altar_rom_forum
D:4:      layout_layer_cave, minmay_fractal_squares_5, uniq_edmund
D:5:      layout_gridville
D:6:      layout_cave_pools, xom_confusion_cloud, nicolae_ossuary_entry_plus,
          nicolae_figureground_sparkle, uniq_eustachio
D:7:      layout_loops_cross, minmay_temple_entry_enclosed_plants
D:8:      layout_basic, biasface_ghost_orc_armoury, uniq_maggie
D:9:      layout_basic, erik_orc_4, ploomutoo_gammafunk_ghost_potion_laboratory,
          hangedman_incinerator, uniq_grum
D:10:     layout_grid_maze, lair_entry_dummy, uniq_josephine, uniq_harold
D:11:     layout_long_grid, gauntlet_entry_generic, kiku_gazebo_pond_becter
D:12:     layout_long_grid, portal_ice_cave_demonic_guard, serial_shops,
          kennysheep_mini, kennysheep_mini_moat, special_room
          [special_room_orc], onia_ninara_dug_in_and_dangerous, uniq_snorg
D:13:     layout_irregular_city, hangedman_vaults_entry_quadrant_bands,
          uniq_urug
D:14:     layout_roguey, lemuel_tele_altar, uniq_azrael
D:15:     grunt_enter_depths_magical_seal, layout_irregular_city,
          elyvilon_altar_4, uniq_roxanne

Skill      XL: |  1  2  3  4  5  6  7  8  9 10 11 12 13 |
---------------+----------------------------------------+-----
Axes           | 3 4 |  4.2
Long Blades    | 1 4 5 7 9 12 | 12.0
Fighting       | 4 10 | 10.3
Dodging        | 1 6 8 |  8.9
Armour         | 7 10 | 10.8
Invocations    | 3 4 |  4.2

Action                   |  1- 3 |  4- 6 |  7- 9 | 10-12 | 13-15 || total
-------------------------+-------+-------+-------+-------+-------++-------
Melee: Hand axe          |    62 |    17 |       |       |       ||    79
       Eudemon blade     |       |    42 |   185 |   494 |     6 ||   727
       Unarmed           |       |     3 |       |       |       ||     3
       Punch             |       |       |     2 |     6 |     1 ||     9
       Morningstar       |       |       |       |     3 |       ||     3
Invok: Depart the Abyss  |     1 |       |       |       |       ||     1
       Bend Space        |       |       |       |     1 |       ||     1
 Abil: Shaft Self        |     1 |     1 |       |     4 |       ||     6
       Dig               |       |       |       |     3 |       ||     3
Evoke: Wand              |       |       |       |    10 |       ||    10
  Use: Scroll            |       |       |     6 |    15 |       ||    21
       Potion            |       |       |       |     3 |       ||     3
 Stab: Confused          |       |       |       |     1 |       ||     1
Armor: Plate armour      |    38 |    28 |    61 |   152 |     3 ||   282
       Leather armour    |     1 |       |       |       |       ||     1
Dodge: Dodged            |    13 |    20 |    60 |   178 |     7 ||   278
